 Dungeon Crawl Stone Soup version 0.29-a0-284-gf9362112df (webtiles) character file.

Game seed: 383827704470817

105 sokol815 the Chopper (level 4, 0/35 HPs)
             Began as a Demonspawn Monk on Mar 23, 2022.
             Was an Initiate of Yredelemnul.
             Slain by a scorpion (2 damage)
             ... on level 4 of the Dungeon.
             The game lasted 00:05:35 (2982 turns).

sokol815 the Chopper (Demonspawn Monk)              Turns: 2982, Time: 00:05:36

Health: 0/35       AC:  9    Str: 13    XL:     4   Next: 54%
Magic:  4/4        EV:  8    Int: 12    God:    Yredelemnul [......]
Gold:   166        SH:  0    Dex: 21    Spells: 3/3 levels left

rFire   + . .      SeeInvis .   m - +0 war axe
rCold   + + .      Faith    .   (no shield)
rNeg    . . .      Spirit   .   e - +0 chain mail
rPois   +          Reflect  .   (no helmet)
rElec   +          Harm     .   (no cloak)
rCorr   +          Rampage  .   f - +0 pair of gloves
Will    .....                   (no boots)
Stlth   ..........              (no amulet)
HPRegen 0.11/turn               n - +6 ring of dexterity
MPRegen 0.09/turn               C - ring of protection from cold {rC+, !d}

@: lethally poisoned (0 -> -17), resistant
A: sturdy frame 1
a: Renounce Religion, Recall Undead Harvest


You were on level 4 of the Dungeon.
You worshipped Yredelemnul.
Yredelemnul was noncommittal.
You visited 1 branch of the dungeon, and saw 4 of its levels.

You collected 166 gold pieces.

Inventory:

Hand Weapons
 a - the +8 hunting sling "Zics" {freeze, rElec Dex+4}
   (You found it on level 3 of the Dungeon)

   Any ammunition fired from it freezes those it strikes, dealing additional
   cold damage.
   It can also slow down cold-blooded creatures.
   Dex:       It affects your dexterity (+4).
   rElec:     It insulates you from electricity.
 d - a +0 hunting sling of freezing
   (You found it on level 1 of the Dungeon)
 h - a +0 hand axe
 m - a +0 war axe (weapon)
   (You found it on level 3 of the Dungeon)
Missiles
 l - 5 atropa-tipped darts
 s - 64 stones
Armour
 b - a +0 robe
 c - a +0 ring mail
   (You found it on level 1 of the Dungeon)
 e - a +0 chain mail (worn)
   (You found it on level 1 of the Dungeon)
 f - a +0 pair of gloves (worn)
   (You found it on level 1 of the Dungeon)
Jewellery
 n - a +6 ring of dexterity (left hand)
   (You took it off a hobgoblin on level 2 of the Dungeon)
 C - a ring of protection from cold (right hand) {rC+, !d}
   (You found it on level 2 of the Dungeon)
Scrolls
 k - a scroll of amnesia
Potions
 G - a potion of ambrosia {!q}
 R - a potion of resistance
 U - 3 potions of mutation {!q}


   Skills:
 - Level 3.0 Fighting
 - Level 4.8 Axes
 * Level 0.4 Slings
 - Level 2.6 Dodging
 - Level 1.7 Stealth


You had 3 spell levels left.
You didn't know any spells.
Your spell library was empty.

Dungeon Overview and Level Annotations

Branches:
Dungeon (4/15)
 Temple: D:4-7

Altars:
Yredelemnul

Shops:
D:2 (


Innate Abilities, Weirdness & Mutations

Your movements are slightly less encumbered by armour. (ER -2)


Message History

You climb downwards.
Your mindless puppet stays behind to rot.
Found a stone staircase leading up.
There is a stone staircase leading up here.
You open the door.
There is an open door here.
You open the door.
There is an open door here.
Found a stone staircase leading down.
You open the door.
There is an open door here.
s - 64 stones (gained 25)
You open the door.
There is an open door here.
An ufetubus comes into view.
The ufetubus shouts!
A scorpion comes into view.
You shoot a sling bullet.
The sling bullet closely misses the ufetubus.
You shoot a sling bullet. The sling bullet hits the ufetubus.
The ufetubus hits you. The ufetubus closely misses you. The ufetubus hits you.
The ufetubus hits you but does no damage. x3
A giant cockroach comes into view.
You take 4 damage, and have 31/35 hp.
You shoot a sling bullet. The sling bullet hits the ufetubus!
You kill the ufetubus!
A black mist starts to gather...
The scorpion stings you but does no damage.
A scorpion comes into view.
You shoot a sling bullet.
The sling bullet closely misses the scorpion.
The sling bullet hits the giant cockroach.
The sling bullet freezes the giant cockroach.
You kill the giant cockroach!
The scorpion barely misses you. The scorpion stings you.
The scorpion barely misses you.
You take 2 damage, and have 29/35 hp.
The +8 hunting sling "Zics" {freeze, rElec Dex+4} stops glowing.
m - a +0 war axe (weapon)
You barely miss the scorpion. The scorpion stings you.
The scorpion stings you but does no damage.
You take 2 damage, and have 27/35 hp.
You swap places.
Your spectral ufetubus hits the scorpion but does no damage.
Your spectral ufetubus hits the scorpion.
The scorpion stings your spectral ufetubus but does no damage.
Your spectral ufetubus barely misses the scorpion. x2
The scorpion stings your spectral ufetubus but does no damage.
Your spectral ufetubus hits the scorpion but does no damage.
Your spectral ufetubus closely misses the scorpion.
Your spectral ufetubus barely misses the scorpion. x2
The scorpion stings your spectral ufetubus.
Your spectral ufetubus hits the scorpion but does no damage. x2
The scorpion stings your spectral ufetubus but does no damage.
Your spectral ufetubus closely misses the scorpion.
Your spectral ufetubus hits the scorpion but does no damage.
The scorpion stings your spectral ufetubus.
Your spectral ufetubus is destroyed!
There is an open door here.
Nothing appears to have answered your call.
You now have 2/4 mp.
It was a potion of magic.
Magic courses through your body.
The scorpion stings you but does no damage.
MP restored: 4 It was a potion of flight.
You feel very buoyant.
You fly up into the air.
The scorpion stings you but does no damage.
It was a potion of cancellation.
Your magical effects are unravelling.
You feel magically purged.
You float gracefully downwards.
The scorpion barely misses you. The scorpion stings you.
You take 6 damage, and have 23/35 hp.
Okay, then.
You hit the scorpion. x2; The scorpion stings you.
You are poisoned.
The scorpion poisons you! The scorpion stings you. x2
You are lethally poisoned!
The scorpion poisons you!
The scorpion stings you but does no damage.
You take 8 damage, and have 15/35 hp.
MASSIVE DAMAGE!!
You closely miss the scorpion.
You punch the scorpion, but do no damage.
You hit the scorpion.
* * * LOW HITPOINT WARNING * * *
You feel extremely sick. The scorpion closely misses you. x2
You take 8 damage, and have 7/35 hp.
MASSIVE DAMAGE!!
Unknown command.
It was a potion of resistance.
You feel protected.
R - a potion of resistance
* * * LOW HITPOINT WARNING * * *
You feel very sick.
The scorpion stings you but does no damage.
The scorpion stings you.
You die...
Your body rises from the dead as a mindless zombie.

#......# #..........
#......# ####.....##
#......######.....#
#......'..........##
#......#..........'.
#......#.###......##
#......#>.........'.
#......######.....##
#..@s..'....#####.#
#...s..####.#####.#
#......# #.#.....#
#......# #.#.#####
######## #s#<...#
#.#....# #s#.......
..#...#### ..#<...


You could see 2 scorpions.

Vanquished Creatures
  3 adders
  A white imp (D:3)
  An ufetubus (D:4)
  A worm (D:2)
  2 dart slugs
  5 bats
  2 endoplasms
  4 giant cockroaches
  7 hobgoblins
  3 jackals (D:2)
  A kobold (D:3)
  A quokka (D:2)
  4 ball pythons
  4 frilled lizards
  3 goblins
  2 rats
44 creatures vanquished.

Vanquished Creatures (collateral kills)
  An adder (D:3)
  An endoplasm (D:1)
  A jackal (D:2)
  A quokka (D:3)
  A goblin (D:3)
5 creatures vanquished.

Vanquished Creatures (others)
  An adder zombie (D:2)
  A dart slug zombie (D:3)
  A jackal zombie (D:2)
  A spectral ufetubus (D:4)
  5 plants (D:2)
9 creatures vanquished.

Grand Total: 58 creatures vanquished

Notes
Turn   | Place    | Note
-------+----------+-------------------------------------------
     0 | D:1      | sokol815 the Demonspawn Monk began the quest for the Orb.
     0 | D:1      | Reached XP level 1. HP: 18/18 MP: 1/1
   175 | D:1      | Reached skill level 3 in Axes
   354 | D:1      | Gained mutation: Your movements are slightly less
                  | encumbered by armour. (ER -2) [demonic ancestry]
   354 | D:1      | Reached XP level 2. HP: 24/24 MP: 2/2
   592 | D:1      | Found a faded altar of an unknown god.
   600 | D:1      | Prayed at the altar of an unknown god.
   600 | D:1      | Became a worshipper of Yredelemnul the Dark
   914 | D:2      | Reached XP level 3. HP: 26/29 MP: 3/3
  1068 | D:2      | Reached * piety under Yredelemnul
  1292 | D:2      | Reached skill level 4 in Axes
  1673 | D:2      | Found Mofrazis's Weapon Shoppe.
  1956 | D:3      | Reached XP level 4. HP: 27/35 MP: 4/4
  2706 | D:3      | Identified the +8 hunting sling "Zics" {freeze, rElec
                  | Dex+4}
  2957 | D:4      | Noticed a scorpion
  2960 | D:4      | Noticed a scorpion
  2981 | D:4      | HP: 7/35 [poisoned by a scorpion]
  2982 | D:4      | HP: 2/35 [poisoned by a scorpion]
  2982 | D:4      | Slain by a scorpion

Illustrated notes

Levels and vault maps discovered:
D:1:      lemuel_arrival_tunnels, layout_loops_ring,
          shapermc_ecumenical_altar_flowoftime, kennysheep_pointless_box,
          minmay_misc_feat_enclosed, minmay_tetromino_i2
D:2:      layout_loops_corners, serial_shops, shop, guppyfry_early_lair_pool
D:3:      layout_basic
D:4:      layout_basic, mainiacjoe_overflow_catwalk

Skill      XL: |  1  2  3 |
---------------+----------+-----
Axes           | 3 4 |  4.8
Fighting       | |  3.0
Slings         | |  0.4
Dodging        | |  2.6
Stealth        | |  1.7

Action                   |  1- 3 |  4- 6 || total
-------------------------+-------+-------++-------
Melee: Hand axe          |   120 |    37 ||   157
       War axe           |       |     3 ||     3
       Punch             |       |     1 ||     1
 Fire: Hunting sling     |       |     4 ||     4
Throw: Stone             |     7 |       ||     7
Invok: Recall Undead Har |       |     1 ||     1
  Use: Scroll            |       |     4 ||     4
       Potion            |       |     4 ||     4
 Stab: Sleeping          |     1 |       ||     1
Armor: Chain mail        |    71 |    31 ||   102
       Ring mail         |     3 |       ||     3
Dodge: Dodged            |    41 |    24 ||    65

Table legend: (Time is in decaauts)
 A = Elapsed time spent in this place.
 B = Non-inter-level travel time spent in this place.
 C = Inter-level travel time spent in this place.
 D = Time resting spent in this place.
 E = Time spent auto-exploring this place.
 F = Levels seen in this place.
 G = Mean time per level.
                   A        B        C        D        E       F      G
               +--------+--------+--------+--------+--------+-----+--------+
         Total |   3002 |   2943 |     59 |      0 |   2519 |   4 |  750.5 |
       Dungeon |   3002 |   2943 |     59 |      0 |   2519 |   4 |  750.5 |
               +--------+--------+--------+--------+--------+-----+--------+

Top non-repeatable levels by time:
     D:2: 1103 daAuts
     D:3: 976 daAuts
     D:1: 848 daAuts
     D:4: 73 daAuts

Table legend:
 A = Kills in this place as a percentage of kills in entire the game.
 B = Kills by you in this place as a percentage of kills by you in the entire game.
 C = Kills by friends in this place as a percentage of kills by friends in the entire game.
 D = Other kills in this place as a percentage of other kills in the entire game.
 E = Experience gained in this place as a percentage of experience gained in the entire game.
 F = Experience gained in this place divided by the number of levels of this place that you have seen.
                   A       B       C       D       E      F
               +-------+-------+-------+-------+-------+----------------------
         Total | 100.0 | 100.0 | 100.0 |   N/A | 100.0 |  37.8
       Dungeon | 100.0 | 100.0 | 100.0 |   N/A | 100.0 |  37.8
               +-------+-------+-------+-------+-------+----------------------
